TOP OF THE 1ST |
Chesapeake Continentals batting - Pitching for Casper Ghosts : RHP Rhys Maskell
|
Pitching: RHP Rhys Maskell
|
|
Batting: RHB Wes Griffith
|
0-0: Ball 1-0: Ball 2-0: Ball 3-0: Called Strike 3-1: Base on Balls
|
Batting: LHB Mathias Gudmestad
|
0-0: Called Strike 0-1: Ball 1-1: Ball 2-1: Foul Ball, location: 2F 2-2: Grounds out, U3 (Groundball, 3L)
|
Batting: RHB Santiago Valentín
|
0-0: 2-RUN HOME RUN (Flyball, 7D), Distance : 380 ft
|
Batting: LHB Raphaël Duval
|
0-0: Ball 1-0: Foul Ball, location: 2F 1-1: Foul Ball, location: 2F 1-2: Ball 2-2: Fly out, F9 (Flyball, 89D)
|
Batting: RHB Brian Moring
|
0-0: Ball 1-0: Called Strike 1-1: Foul Ball, location: 2F 1-2: Strikes out swinging
|
Top of the 1st over - 2 runs, 1 hit, 0 errors, 0 left on base; Chesapeake 2 - Casper 0 |
BOTTOM OF THE 1ST |
Casper Ghosts batting - Pitching for Chesapeake Continentals : LHP Jeff Enamorado
|
Pitching: LHP Jeff Enamorado
|
|
Batting: RHB Armando Pacheco
|
0-0: Called Strike 0-1: Foul Ball, location: 2F 0-2: Fly out, F7 (Flyball, 7LS)
|
Batting: RHB Tatsui Kiyomizu
|
0-0: Called Strike 0-1: Foul Ball, location: 2F 0-2: Ball 1-2: Strikes out swinging
|
Batting: RHB Jur Prokop
|
0-0: Ball 1-0: Ground out 6-3 (Groundball, 6)
|
Bottom of the 1st over - 0 runs, 0 hits, 0 errors, 0 left on base; Chesapeake 2 - Casper 0 |
TOP OF THE 2ND |
Chesapeake Continentals batting - Pitching for Casper Ghosts : RHP Rhys Maskell
|
Batting: RHB Nick Bechtel
|
0-0: SINGLE (Flyball, 89M)
|
Batting: RHB Phil Oostermeer
|
0-0: Foul Ball, location: 2F 0-1: Ball 1-1: Swinging Strike 1-2: Strikes out looking
|
Batting: SHB Tomás Valdéz
|
0-0: Ball 1-0: Ball 2-0: Swinging Strike 2-1: Ball 3-1: Foul Ball, location: 2F 3-2: Fly out, F9 (Flyball, 9D)
|
Batting: RHB Shou-chien Luo
|
0-0: Ball 1-0: Fly out, F6 (Popup, 6)
|
Top of the 2nd over - 0 runs, 1 hit, 0 errors, 1 left on base; Chesapeake 2 - Casper 0 |
BOTTOM OF THE 2ND |
Casper Ghosts batting - Pitching for Chesapeake Continentals : LHP Jeff Enamorado
|
Batting: RHB Jeff Mouton
|
0-0: Ball 1-0: Called Strike 1-1: Foul Ball, location: 2F 1-2: Strikes out swinging
|
Batting: LHB Marcus Shill
|
0-0: Ball 1-0: Called Strike 1-1: Called Strike 1-2: Foul Ball, location: 2F 1-2: Strikes out swinging
|
Batting: LHB Badry Maksimenov
|
0-0: Foul Ball, location: 2F 0-1: Called Strike 0-2: Ball 1-2: Foul Ball, location: 2F 1-2: Ball 2-2: Ball 3-2: Foul Ball, location: 2F 3-2: Foul Ball, location: 2F 3-2: Strikes out swinging
|
Bottom of the 2nd over - 0 runs, 0 hits, 0 errors, 0 left on base; Chesapeake 2 - Casper 0 |
TOP OF THE 3RD |
Chesapeake Continentals batting - Pitching for Casper Ghosts : RHP Rhys Maskell
|
Batting: RHB Wes Griffith
|
0-0: Swinging Strike 0-1: Ball 1-1: Ball 2-1: Called Strike 2-2: Ball 3-2: Foul Ball, location: 2F 3-2: Ground out 5-3 (Groundball, 56)
|
Batting: LHB Mathias Gudmestad
|
0-0: Ball 1-0: Ground out U3 (Groundball, 34)
|
Batting: RHB Santiago Valentín
|
0-0: Called Strike 0-1: Ball 1-1: Foul Ball, location: 2F 1-2: Ground out 5-3 (Groundball, 25)
|
Top of the 3rd over - 0 runs, 0 hits, 0 errors, 0 left on base; Chesapeake 2 - Casper 0 |
BOTTOM OF THE 3RD |
Casper Ghosts batting - Pitching for Chesapeake Continentals : LHP Jeff Enamorado
|
Batting: LHB Ronald Anderson
|
0-0: Called Strike 0-1: Called Strike 0-2: Ball 1-2: Ball 2-2: Strikes out swinging
|
Batting: RHB Steve Weber
|
0-0: Ball 1-0: SINGLE (Groundball, 2L) (infield hit)
|
Batting: RHB José Reyes
|
0-0: Foul Ball, location: 2F 0-1: Called Strike 0-2: Fielders Choice at 2nd, 6-4 (Groundball, 6)
|
Batting: RHB Armando Pacheco
|
0-0: Ball 1-0: Called Strike 1-1: Ball 2-1: Swinging Strike 2-2: Ball 3-2: Strikes out swinging
|
Bottom of the 3rd over - 0 runs, 1 hit, 0 errors, 1 left on base; Chesapeake 2 - Casper 0 |
TOP OF THE 4TH |
Chesapeake Continentals batting - Pitching for Casper Ghosts : RHP Rhys Maskell
|
Batting: LHB Raphaël Duval
|
0-0: Ball 1-0: Called Strike 1-1: Ball 2-1: SINGLE (Groundball, 4MD)
|
Batting: RHB Brian Moring
|
0-0: Ball 1-0: Called Strike 1-1: Called Strike 1-2: Strikes out looking
|
Batting: RHB Nick Bechtel
|
0-0: Foul Ball, location: 2F 0-1: Ball 1-1: 2-RUN HOME RUN (Flyball, 7LD), Distance : 349 ft
|
Batting: RHB Phil Oostermeer
|
0-0: Called Strike 0-1: Ball 1-1: Ground out 4-3 (Groundball, 4)
|
Batting: SHB Tomás Valdéz
|
0-0: Ball 1-0: Ball 2-0: Ground out 4-3 (Groundball, 4)
|
Top of the 4th over - 2 runs, 2 hits, 0 errors, 0 left on base; Chesapeake 4 - Casper 0 |
BOTTOM OF THE 4TH |
Casper Ghosts batting - Pitching for Chesapeake Continentals : LHP Jeff Enamorado
|
Batting: RHB Tatsui Kiyomizu
|
0-0: Called Strike 0-1: Swinging Strike 0-2: Ball 1-2: Ground out 4-3 (Groundball, 4)
|
Batting: RHB Jur Prokop
|
0-0: Foul Ball, location: 2F 0-1: Ball 1-1: Ball 2-1: SINGLE (Groundball, 6D)
|
Batting: RHB Jeff Mouton
|
0-0: Ball 1-0: Ground out 5-3 (Groundball, 56S) Jur Prokop to second
|
Batting: LHB Marcus Shill
|
0-0: Ball 1-0: Fly out, F9 (Flyball, 89XD)
|
Bottom of the 4th over - 0 runs, 1 hit, 0 errors, 1 left on base; Chesapeake 4 - Casper 0 |
TOP OF THE 5TH |
Chesapeake Continentals batting - Pitching for Casper Ghosts : RHP Rhys Maskell
|
Batting: RHB Shou-chien Luo
|
0-0: Ball 1-0: Ground out 6-3 (Groundball, 6)
|
Batting: RHB Wes Griffith
|
0-0: Ball 1-0: Foul Ball, location: 2F 1-1: Ball 2-1: Foul Ball, location: 2F 2-2: Strikes out swinging
|
Batting: LHB Mathias Gudmestad
|
0-0: Ball 1-0: Fly out, F5 (Popup, 5DF)
|
Top of the 5th over - 0 runs, 0 hits, 0 errors, 0 left on base; Chesapeake 4 - Casper 0 |
BOTTOM OF THE 5TH |
Casper Ghosts batting - Pitching for Chesapeake Continentals : LHP Jeff Enamorado
|
Batting: LHB Badry Maksimenov
|
0-0: Ball 1-0: Ball 2-0: Ball 3-0: Called Strike 3-1: Foul Ball, location: 2F 3-2: Base on Balls
|
Batting: LHB Ronald Anderson
|
0-0: Called Strike 0-1: Ball 1-1: Ball 2-1: Ball 3-1: Called Strike 3-2: SINGLE (Groundball, 34D) Badry Maksimenov to second Runner from 2nd tries for 3rd, SAFE, no throw
|
Batting: RHB Steve Weber
|
0-0: Ball Ronald Anderson is caught stealing 2nd base 1-0: Ground out 4-3 (Groundball, 4S) Badry Maksimenov scores
|
Batting: RHB José Reyes
|
0-0: Ball 1-0: Ball 2-0: Foul Ball, location: 2F 2-1: Swinging Strike 2-2: Strikes out swinging
|
Bottom of the 5th over - 1 run, 1 hit, 0 errors, 0 left on base; Chesapeake 4 - Casper 1 |
TOP OF THE 6TH |
Chesapeake Continentals batting - Pitching for Casper Ghosts : RHP Rhys Maskell
|
Batting: RHB Santiago Valentín
|
0-0: Swinging Strike 0-1: Ball 1-1: Ball 2-1: Foul Ball, location: 2F 2-2: Strikes out swinging
|
Batting: LHB Raphaël Duval
|
0-0: Ground out 4-3 (Groundball, 4)
|
Batting: RHB Brian Moring
|
0-0: Foul Ball, location: 2F 0-1: Foul Ball, location: 2F 0-2: SOLO HOME RUN (Flyball, 7D), Distance : 398 ft
|
Pitching: LHP Geoffroy Cadaloba
|
|
Batting: RHB Nick Bechtel
|
0-0: Ball 1-0: SINGLE (Line Drive, 8LS)
|
Batting: RHB Phil Oostermeer
|
0-0: Called Strike 0-1: Ball 1-1: Swinging Strike 1-2: Strikes out swinging
|
Top of the 6th over - 1 run, 2 hits, 0 errors, 1 left on base; Chesapeake 5 - Casper 1 |
BOTTOM OF THE 6TH |
Casper Ghosts batting - Pitching for Chesapeake Continentals : LHP Jeff Enamorado
|
Batting: RHB Armando Pacheco
|
0-0: Ball 1-0: Foul Ball, location: 2F 1-1: Ball 2-1: SINGLE (Groundball, 56) (infield hit)
|
Batting: RHB Tatsui Kiyomizu
|
0-0: SINGLE (Groundball, 34S) (infield hit) Armando Pacheco to second
|
Batting: RHB Jur Prokop
|
0-0: Ball 1-0: Fly out, F7 (Flyball, 7LD) Runner from 2nd tags up, SAFE at 3rd, no throw
|
Batting: RHB Jeff Mouton
|
0-0: Foul Ball, location: 2F 0-1: Fly out, F4 (Popup, 4MD)
|
Batting: LHB Marcus Shill
|
0-0: Ball 1-0: Called Strike 1-1: Ball 2-1: Called Strike 2-2: DOUBLE (Flyball, 8LD) Armando Pacheco scores Tatsui Kiyomizu to third Runner from 3rd tries for Home, SAFE, no throw
|
Batting: LHB Badry Maksimenov
|
0-0: Ball 1-0: Ball 2-0: Ball 3-0: Called Strike 3-1: Foul Ball, location: 2F 3-2: Foul Ball, location: 2F 3-2: Foul Ball, location: 2F 3-2: Base on Balls
|
Batting: LHB Ronald Anderson
|
0-0: Called Strike 0-1: Ground out 2-3 (Groundball, 2R)
|
Bottom of the 6th over - 2 runs, 3 hits, 0 errors, 2 left on base; Chesapeake 5 - Casper 3 |
TOP OF THE 7TH |
Chesapeake Continentals batting - Pitching for Casper Ghosts : LHP Geoffroy Cadaloba
|
Batting: SHB Tomás Valdéz
|
0-0: Called Strike 0-1: Ball 1-1: Ball 2-1: Ground out 6-3 (Groundball, 56)
|
Batting: RHB Shou-chien Luo
|
0-0: SINGLE (Line Drive, 9LS)
|
Batting: RHB Wes Griffith
|
0-0: Foul Ball, location: 2F 0-1: Grounds into double play, 5-4-3 (Groundball, 5)
|
Top of the 7th over - 0 runs, 1 hit, 0 errors, 0 left on base; Chesapeake 5 - Casper 3 |
BOTTOM OF THE 7TH |
Casper Ghosts batting - Pitching for Chesapeake Continentals : LHP Jeff Enamorado
|
Batting: RHB Steve Weber
|
0-0: Swinging Strike 0-1: Foul Ball, location: 2F 0-2: Ball 1-2: Ball 2-2: Foul Ball, location: 2F 2-2: Strikes out swinging
|
Pitching: LHP Nicolas Michel
|
|
Batting: RHB José Reyes
|
0-0: Ball 1-0: Foul Ball, location: 2F 1-1: Called Strike 1-2: Foul Ball, location: 2F 1-2: Foul Ball, location: 2F 1-2: Ball 2-2: Strikes out swinging
|
Batting: RHB Armando Pacheco
|
0-0: Ball 1-0: Ball 2-0: Ball 3-0: Called Strike 3-1: Base on Balls
|
Batting: RHB Tatsui Kiyomizu
|
0-0: Ball 1-0: Ball 2-0: Ball 3-0: SINGLE (Groundball, 6MD) Armando Pacheco to second Runner from 2nd tries for 3rd, SAFE, no throw
|
Batting: RHB Jur Prokop
|
0-0: Called Strike 0-1: Ball 1-1: Ball 2-1: Foul Ball, location: 2F 2-2: Foul Ball, location: 2F 2-2: Fly out, F9 (Flyball, 9)
|
Bottom of the 7th over - 0 runs, 1 hit, 0 errors, 2 left on base; Chesapeake 5 - Casper 3 |
TOP OF THE 8TH |
Chesapeake Continentals batting - Pitching for Casper Ghosts : LHP Geoffroy Cadaloba
|
Batting: LHB Mathias Gudmestad
|
0-0: Ball 1-0: Called Strike 1-1: Called Strike 1-2: Ball 2-2: Fly out, F8 (Flyball, 78M)
|
Batting: RHB Santiago Valentín
|
0-0: Foul Ball, location: 2F 0-1: Ball 1-1: Ball 2-1: Ball 3-1: Called Strike 3-2: SINGLE (Flyball, 7LS)
|
Batting: LHB Raphaël Duval
|
0-0: Ball 1-0: Called Strike Santiago Valentín steals 2nd base 1-1: Ball 2-1: Called Strike 2-2: Foul Ball, location: 2F 2-2: Ball 3-2: Fly out, F9 (Flyball, 9)
|
Batting: RHB Brian Moring
|
0-0: Ball 1-0: Called Strike 1-1: Fly out, F9 (Line Drive, 9)
|
Top of the 8th over - 0 runs, 1 hit, 0 errors, 1 left on base; Chesapeake 5 - Casper 3 |
BOTTOM OF THE 8TH |
Casper Ghosts batting - Pitching for Chesapeake Continentals : LHP Nicolas Michel
|
Now at SS: Carlos Stanford
|
|
Batting: RHB Jeff Mouton
|
0-0: Ball 1-0: Ball 2-0: Ball 3-0: Called Strike 3-1: Base on Balls
|
Batting: LHB Marcus Shill
|
0-0: Ball 1-0: Ball 2-0: Called Strike 2-1: Swinging Strike 2-2: Ball 3-2: SINGLE (Line Drive, 8LS) Jeff Mouton to second Jeff Mouton to third
|
Batting: LHB Badry Maksimenov
|
0-0: Ball 1-0: Foul Ball, location: 2F 1-1: Ball 2-1: Called Strike 2-2: Foul Ball, location: 2F 2-2: Strikes out swinging
|
Batting: LHB Ronald Anderson
|
0-0: Grounds into double play, 6-4-3 (Groundball, 6)
|
Bottom of the 8th over - 0 runs, 1 hit, 0 errors, 1 left on base; Chesapeake 5 - Casper 3 |
TOP OF THE 9TH |
Chesapeake Continentals batting - Pitching for Casper Ghosts : LHP Geoffroy Cadaloba
|
Batting: RHB Nick Bechtel
|
0-0: Ball 1-0: Ball 2-0: Ball 3-0: Called Strike 3-1: Foul Ball, location: 2F 3-2: Base on Balls
|
Batting: RHB Phil Oostermeer
|
0-0: Ball 1-0: Grounds into double play, 4-6-3 (Groundball, 4)
|
Batting: SHB Tomás Valdéz
|
0-0: Ground out 5-3 (Groundball, 56)
|
Top of the 9th over - 0 runs, 0 hits, 0 errors, 0 left on base; Chesapeake 5 - Casper 3 |
BOTTOM OF THE 9TH |
Casper Ghosts batting - Pitching for Chesapeake Continentals : LHP Nicolas Michel
|
Pitching: RHP Joseph Chartier
|
|
Batting: RHB Steve Weber
|
0-0: Ball 1-0: Called Strike 1-1: Called Strike 1-2: Ball 2-2: SINGLE (Line Drive, 6MD)
|
Pinch Hitting: RHB Adrijan Markovski
|
0-0: Fly out, F7 (Flyball, 7S)
|
Batting: RHB Armando Pacheco
|
0-0: Foul Ball, location: 2F 0-1: Ball 1-1: Ball 2-1: Swinging Strike 2-2: Foul Ball, location: 2F 2-2: Ball 3-2: SINGLE (Groundball, 6MD) Steve Weber to second Steve Weber to third
|
Batting: RHB Tatsui Kiyomizu
|
0-0: Called Strike 0-1: Ball 1-1: Called Strike 1-2: Strikes out swinging
|
Batting: RHB Jur Prokop
|
0-0: Called Strike 0-1: Foul Ball, location: 2F 0-2: Hit by Pitch Armando Pacheco to second
|
Batting: RHB Jeff Mouton
|
0-0: Fielders Choice at 2nd, 6-4 (Groundball, 6)
|
Bottom of the 9th over - 0 runs, 2 hits, 0 errors, 3 left on base; Chesapeake 5 - Casper 3 |
|